 Dungeon Sprint DCSS version 0.21-a0-91-ga5031da (webtiles) character file.

18 Kidiri the Insei (level 2, -2/22 HPs)
             Began as a Demonspawn Transmuter on June 28, 2017.
             Was a Follower of Wu Jian.
             Slain by a worker ant (7 damage)
             ... in the Dungeon (Sprint VII: "The Pits").
             The game lasted 00:01:40 (370 turns).

Kidiri the Insei (Demonspawn Transmuter)             Turns: 370, Time: 00:01:41

Health: -2/22      AC:  2    Str: 10    XL:     2   Next: 51%
Magic:  4/5        EV: 13    Int: 14    God:    Wu Jian [*.....]
Gold:   0          SH:  0    Dex: 13    Spells: 2/5 levels left

rFire    . . .     SeeInvis .     - Unarmed
rCold    . . .     Gourm    .   (no shield)
rNeg     . . .     Faith    .   b - +0 robe
rPois    .         Spirit   .   (no helmet)
rElec    .         Reflect  .   (no cloak)
rCorr    .         Harm     .   (no gloves)
MR       .....     NoTele   +   (no boots)
Stlth    ++........             (no amulet)
HPRegen  0.07/turn              (no ring)
MPRegen  0.09/turn              (no ring)

@: lethally poisoned (-2 -> -7), appendage
A: horns 2, talons 1
a: End Transformation, Renounce Religion


You were in the Dungeon.
You worshipped Wu Jian.
Wu Jian was aware of your devotion.
You were not hungry.
You had grown temporary horns.
You visited 1 branch

Inventory:

Missiles
 a - 11 arrows
Armour
 b - a +0 robe (worn)
Scrolls
 j - a scroll of blinking
 l - 3 scrolls of remove curse
 m - 5 scrolls of amnesia
 n - a scroll of summoning
Potions
 g - a potion of haste
 h - 4 potions of magic
 i - 3 potions of berserk rage
 k - 2 potions of invisibility
Books
 c - a book of Changes

   Spells                             Type                      Level
   a - Beastly Appendage              Transmutation                1
   b - Sticks to Snakes               Transmutation                2
   c - Spider Form                    Transmutation/Poison         3
   d - Ice Form                       Ice/Transmutation            4
   e - Blade Hands                    Transmutation                5
Comestibles
 d - 8 bread rations
 o - 40 fruits
 p - 7 meat rations


   Skills:
 + Level 1.7 Fighting
 + Level 1.0 Armour
 * Level 2.6 Dodging
 + Level 1.2 Stealth
 * Level 3.4 Unarmed Combat
 + Level 2.4 Spellcasting
 * Level 2.8 Transmutations


You had 2 spell levels left.
You knew the following spells:

 Your Spells              Type           Power        Failure   Level  Hunger
a - Beastly Appendage     Tmut           #.....       7%          1    #......
b - Sticks to Snakes      Tmut           #.......     11%         2    ###....


Dungeon Overview and Level Annotations

Branches:
Dungeon (1/1)

Altars:
Ashenzari
Cheibriados
Dithmenos
Elyvilon
Fedhas
Gozag
Hepliaklqana
Kikubaaqudgha
Makhleb
Nemelex Xobeh
Okawaru
Qazlal
Ru
Sif Muna
Trog
Uskayaw
Vehumet
Wu Jian
Xom
Yredelemnul
Zin
The Shining One
Beogh
Jiyva
Lugonu


Innate Abilities, Weirdness & Mutations

You have sharp toenails.
You have a pair of horns on your head.


Message History

The worker ant is moderately wounded.
The worker ant bites you!
You are lethally poisoned!
The worker ant poisons you!
You closely miss the worker ant.
The worker ant is moderately wounded.
* * * LOW HITPOINT WARNING * * *
You feel sick.
The worker ant bites you but does no damage.
Unknown command.
Okay, then.
Unknown command.
You closely miss the worker ant.
The worker ant is moderately wounded.
The worker ant misses you.
You hit the worker ant.
The worker ant is heavily wounded.
* * * LOW HITPOINT WARNING * * *
You feel sick. The worker ant bites you!
You die...

#_________.#
#_______...###########
##########+##.........
#.?(.+)))+.##......#..
##########.##.........
#...........'.........
#+#####'#####......#..
#...#.# #.........
#.a@#%# ####+#####
#...'.# #.......#
##+#### #.......#
#.......# #...<...#
#.......# #.......#
#.......# #########


You could see a worker ant.

Vanquished Creatures
  An adder (D)
  A ball python (D)
  A kobold (D)
3 creatures vanquished.

Vanquished Creatures (collateral kills)
  A river rat (D)
1 creature vanquished.

Grand Total: 4 creatures vanquished

Notes
Turn   | Place    | Note
-------+----------+-------------------------------------------
     0 | D        | Kidiri the Demonspawn Transmuter began the quest for the Orb.
     0 | D        | Reached XP level 1. HP: 15/15 MP: 3/3
    46 | D        | Found a bloodstained altar of Trog.
    46 | D        | Found a deep blue altar of Sif Muna.
    46 | D        | Found a viscous altar of Jiyva.
    46 | D        | Found a hazy altar of Hepliaklqana.
    46 | D        | Found an opulent altar of Gozag.
    47 | D        | Found a glowing golden altar of the Shining One.
    47 | D        | Found a glowing silver altar of Zin.
    47 | D        | Found a basalt altar of Yredelemnul.
    47 | D        | Found a shimmering altar of Xom.
    47 | D        | Found an ornate altar of the Wu Jian Council.
    47 | D        | Found a sacrificial altar of Ru.
    47 | D        | Found a stormy altar of Qazlal.
    47 | D        | Found an iron altar of Okawaru.
    47 | D        | Found a sparkling altar of Nemelex Xobeh.
    47 | D        | Found a burning altar of Makhleb.
    47 | D        | Found a blossoming altar of Fedhas.
    47 | D        | Found a white marble altar of Elyvilon.
    47 | D        | Found a shadowy altar of Dithmenos.
    47 | D        | Found a snail-covered altar of Cheibriados.
    49 | D        | Found a radiant altar of Vehumet.
    49 | D        | Found a corrupted altar of Lugonu.
    49 | D        | Found a roughly hewn altar of Beogh.
    50 | D        | Found a hide-covered altar of Uskayaw.
    50 | D        | Found an ancient bone altar of Kikubaaqudgha.
    50 | D        | Found a shattered altar of Ashenzari.
    56 | D        | Became a worshipper of the Wu Jian Council
    86 | D        | Reached skill level 3 in Unarmed Combat
    86 | D        | Gained mutation: You have sharp toenails. [demonic ancestry]
    86 | D        | Reached XP level 2. HP: 14/21 MP: 3/5
    94 | D        | Learned a level 2 spell: Sticks to Snakes
   186 | D        | HP: 1/21 [river rat (9)]
   194 | D        | Reached * piety under Wu Jian
   194 | D        | Reached skill level 1 in Armour
   194 | D        | Reached skill level 1 in Stealth
   370 | D        | Slain by a worker ant

Vault maps used:
D:        pitsprint

Skill      XL: |  1  2 |
---------------+-------+-----
Dodging        | 2 |  2.6
Transmutations | 2 |  2.8
Unarmed Combat | 3 |  3.4
Armour         | 1 |  1.0
Stealth        | 1 |  1.2
Fighting       | |  1.7
Spellcasting   | |  2.4

Action                   || total
-------------------------++-------
Melee: Unarmed           ||    20
       Kick              ||     2
       Headbutt          ||     1
 Cast: Beastly Appendage ||     4
       Sticks to Snakes  ||     1
  Use: Potion            ||     2
Armor: Robe              ||     3
Dodge: Dodged            ||     8
